 Dungeon Crawl Stone Soup version 0.21.0-37-g46506fa (webtiles) character file.

297 tidbits the Insei (level 6, 0/47 HPs)
             Began as a Gnoll Transmuter on Jan 30, 2018.
             Was a Follower of Cheibriados.
             Slain by a centaur zombie (3 damage)
             ... in an ossuary.
             The game lasted 00:12:15 (856 turns).

tidbits the Insei (Gnoll Transmuter)                 Turns: 856, Time: 00:12:15

Health: 0/47       AC:  2    Str: 15    XL:     6   Next: 35%
Magic:  1/14       EV: 24    Int: 19    God:    Cheibriados [*.....]
Gold:   145        SH:  0    Dex: 22    Spells: 8/15 levels left

rFire    . . .     SeeInvis .     - Unarmed
rCold    . . .     Gourm    .   (shield currently unavailable)
rNeg     . . .     Faith    .   (armour currently unavailable)
rPois    x         Spirit   .   (helmet currently unavailable)
rElec    .         Reflect  .   (cloak currently unavailable)
rCorr    +         Harm     .   (gloves currently unavailable)
MR       .....                  (boots currently unavailable)
Stlth    ++........             (no amulet)
HPRegen  0.15/turn              K - ring of resist corrosion
MPRegen  0.14/turn              (no ring)

@: spider-form, marked, very slightly contaminated, very slow
A: tiny, distributed training, strong nose
a: End Transformation, Bend Time, Renounce Religion


You were in an ossuary.
You worshipped Cheibriados.
Cheibriados was aware of your devotion.
You were not hungry.
You were a venomous arachnid creature.
You visited 1 branch of the dungeon, and saw 5 of its levels.
You also visited: Ossuary.

You collected 145 gold pieces.

Inventory:

Missiles
 a - 42 arrows
 f - 25 stones (quivered)
Armour
 b - a +0 robe
 B - a +2 leather armour of poison resistance (melded)
   (You took it off an orc on level 4 of the Dungeon)
Jewellery
 K - a ring of resist corrosion (left front leg)
   (You found it on level 4 of the Dungeon)
Scrolls
 g - 2 scrolls of remove curse
 k - a scroll of enchant armour
Potions
 h - a potion of brilliance
Books
 d - a book of Changes

   Spells                             Type                      Level
   a - Beastly Appendage              Transmutation                1
   b - Sticks to Snakes               Transmutation                2
   c - Spider Form                    Transmutation/Poison         3
   d - Ice Form                       Ice/Transmutation            4
   e - Blade Hands                    Transmutation                5
 i - the Handbook of the Hidden Vale
   (You found it on level 4 of the Dungeon)

   Spells                             Type                      Level
   a - Sandblast                      Earth                        1
   b - Stone Arrow                    Conjuration/Earth            3
   c - Malign Gateway                 Summoning/Translocation      7
   d - Shatter                        Earth                        9
Comestibles
 c - 2 rations


   Skills:
 + Level 3.2 Fighting
 + Level 1.9 Short Blades
 + Level 1.9 Long Blades
 + Level 1.9 Axes
 + Level 1.9 Maces & Flails
 + Level 1.9 Polearms
 + Level 1.9 Staves
 + Level 1.9 Slings
 + Level 1.9 Bows
 + Level 1.9 Crossbows
 + Level 1.9 Throwing
 + Level 1.9 Armour
 + Level 4.9 Dodging
 + Level 1.9 Stealth
 + Level 1.9 Shields
 + Level 6.8 Unarmed Combat
 + Level 5.3 Spellcasting
 + Level 1.5 Conjurations
 + Level 1.5 Hexes
 + Level 1.5 Charms
 + Level 1.5 Summonings
 + Level 1.5 Necromancy
 + Level 1.5 Translocations
 + Level 4.1 Transmutations
 + Level 1.5 Fire Magic
 + Level 1.5 Ice Magic
 + Level 1.5 Air Magic
 + Level 1.5 Earth Magic
 + Level 1.5 Poison Magic
 + Level 2.1 Invocations
 + Level 1.9 Evocations


You had 8 spell levels left.
You knew the following spells:

 Your Spells              Type           Power        Failure   Level  Hunger
a - Sandblast             Erth           ##....       17%         1    None
e - Beastly Appendage     Tmut           ###...       9%          1    None
k - Sticks to Snakes      Tmut           ###.....     11%         2    None
p - Spider Form           Tmut/Pois      ###.......   28%         3    ##.....


Dungeon Overview and Level Annotations

Branches:
Dungeon (5/15)
 Temple: D:4-7

Altars:
Cheibriados
Hepliaklqana
Yredelemnul

Annotations:
D:4 Pikel


Innate Abilities, Weirdness & Mutations

Your experience applies equally to all skills.
((You have very sharp teeth.))
Your uncanny sense of smell can sniff out nearby items.


Message History

Confirm with . or Enter, or press ? or * to list all spells.
You miscast Spider Form.
Waves of light ripple over your body. The rat zombie barely misses you.
Wield which item (- for none, * to show all)? (? for menu, Esc to quit)
Okay, then.
You punch the rat zombie!
You destroy the rat zombie!
Cheibriados appreciates the change of pace.
You punch the centaur zombie!
The centaur zombie is moderately damaged.
The centaur zombie hits you.
* * * LOW HITPOINT WARNING * * *
Okay, then.
As you read the scroll labeled FINWABUECH, it crumbles to dust.
The creatures around you are filled with an inner flame!
It was a scroll of immolation.
The centaur zombie closely misses you. The centaur zombie barely misses you.
Okay, then.
Unknown command.
You don't have enough magic at the moment.
Really walk onto that alarm trap?
The alarm trap emits a blaring wail!
The mark upon you grows brighter.
The centaur zombie hits you but does no damage.
An orc zombie comes into view.
The centaur zombie hits you.
* * * LOW HITPOINT WARNING * * *
You hear a blaring wail to the south.
The centaur zombie hits you but does no damage.
The centaur zombie hits you but does no damage.
The centaur zombie closely misses you. The centaur zombie hits you.
* * * LOW HITPOINT WARNING * * *
The centaur zombie hits you.
* * * LOW HITPOINT WARNING * * *
You hear a distant blaring wail to the northeast.
The centaur zombie misses you. The centaur zombie hits you.
* * * LOW HITPOINT WARNING * * *
The centaur zombie closely misses you.
Casting: Spider Form
Confirm with . or Enter, or press ? or * to list all spells.
You turn into a venomous arachnid creature.
Your +2 leather armour of poison resistance melds into your body.
You no longer feel resistant to poison.
The centaur zombie hits you.
* * * LOW HITPOINT WARNING * * *
The centaur zombie misses you. The centaur zombie barely misses you.
The centaur zombie barely misses you.
The human zombie's inner flame fades away.
The centaur zombie misses you. The human zombie completely misses you.
A hobgoblin zombie comes into view.
Your transformation is almost over.
The centaur zombie completely misses you.
Unknown command.
The hobgoblin zombie's inner flame fades away.
The centaur zombie completely misses you.
The centaur zombie misses you.
The centaur zombie's inner flame fades away. x2
The centaur zombie hits you but does no damage.
The centaur zombie completely misses you.
The centaur zombie completely misses you.
The centaur zombie barely misses you.
The centaur zombie completely misses you.
The centaur zombie closely misses you.
Your transformation has ended.
Your +2 leather armour of poison resistance unmelds from your body.
You feel resistant to poison.
The centaur zombie completely misses you.
The centaur zombie closely misses you. The centaur zombie hits you.
* * * LOW HITPOINT WARNING * * *
The centaur zombie barely misses you.
Okay, then.
Okay, then.
Unknown command.
Casting: Spider Form
Confirm with . or Enter, or press ? or * to list all spells.
You don't have enough magic to cast that spell.
The centaur zombie barely misses you.
The centaur zombie hits you but does no damage.
The centaur zombie barely misses you.
The centaur zombie hits you but does no damage.
The centaur zombie hits you.
* * * LOW HITPOINT WARNING * * *
The centaur zombie misses you. The centaur zombie misses you.
The centaur zombie misses you. The centaur zombie closely misses you.
The centaur zombie hits you.
* * * LOW HITPOINT WARNING * * *
The centaur zombie barely misses you.
The centaur zombie closely misses you. x2
Casting: Spider Form
Confirm with . or Enter, or press ? or * to list all spells.
You turn into a venomous arachnid creature.
Your +2 leather armour of poison resistance melds into your body.
You no longer feel resistant to poison.
The centaur zombie completely misses you.
The centaur zombie hits you.
You die...

#...#.####.......#...#
#...# #.......#...#
#..Z# #.......#...#
#...# #.∩.....#...#
#..Z# ....+####...#
#...# #...# #...#
#...# ∆#...# #...#
#...##############...#
#.......Z.Z.ZZs......#
#.........∩∩ZZ.......#
######################


You could see 2 hobgoblin zombies, an orc zombie, 2 centaur zombies and a human
zombie.

Vanquished Creatures
  3 slaves
  An ogre (D:5)
  A crimson imp (D:5)
  A hound (D:4)
  A human zombie (Ossuary)
  2 mummies (Ossuary)
  4 adders
  An ooze (D:1)
  An adder zombie (Ossuary)
  A worm (D:2)
  A dart slug (D:2)
  A leopard gecko (D:3)
  2 orcs
  2 ball pythons (D:1)
  A bat (D:1)
  3 giant cockroaches
  3 hobgoblins
  A quokka (D:4)
  A frilled lizard (D:3)
  A goblin (D:3)
  5 hobgoblin zombies (Ossuary)
  2 kobolds (D:1)
  11 kobold zombies (Ossuary)
  6 orc zombies (Ossuary)
  A quokka skeleton (D:4)
  2 rats (D:1)
  A rat zombie (Ossuary)
60 creatures vanquished.

Vanquished Creatures (collateral kills)
  A mummy (D:5)
1 creature vanquished.

Grand Total: 61 creatures vanquished

Notes
Turn   | Place    | Note
-------+----------+-------------------------------------------
     0 | D:1      | tidbits the Gnoll Transmuter began the quest for the Orb.
     0 | D:1      | Reached XP level 1. HP: 17/17 MP: 6/6
    50 | D:1      | Reached XP level 2. HP: 18/23 MP: 5/7
   111 | D:1      | Learned a level 2 spell: Sticks to Snakes
   260 | D:3      | Reached XP level 3. HP: 24/28 MP: 7/9
   265 | D:3      | Learned a level 3 spell: Spider Form
   299 | D:4      | Found a basalt altar of Yredelemnul.
   299 | D:4      | Found a snail-covered altar of Cheibriados.
   305 | D:4      | Reached skill level 5 in Spellcasting
   306 | D:4      | Found a hazy altar of Hepliaklqana.
   313 | D:4      | Reached skill level 1 in Short Blades
   313 | D:4      | Reached skill level 1 in Long Blades
   313 | D:4      | Reached skill level 1 in Axes
   313 | D:4      | Reached skill level 1 in Maces & Flails
   313 | D:4      | Reached skill level 1 in Polearms
   313 | D:4      | Reached skill level 1 in Staves
   313 | D:4      | Reached skill level 1 in Slings
   313 | D:4      | Reached skill level 1 in Bows
   313 | D:4      | Reached skill level 1 in Crossbows
   313 | D:4      | Reached skill level 1 in Throwing
   313 | D:4      | Reached skill level 1 in Armour
   313 | D:4      | Reached skill level 1 in Stealth
   313 | D:4      | Reached skill level 1 in Shields
   313 | D:4      | Reached skill level 1 in Invocations
   313 | D:4      | Reached skill level 1 in Evocations
   313 | D:4      | Reached XP level 4. HP: 30/34 MP: 6/11
   317 | D:4      | Became a worshipper of Cheibriados the Contemplative
   325 | D:4      | Identified the Handbook of the Hidden Vale
   456 | D:4      | Noticed Pikel
   456 | D:4      | Noticed a slave
   457 | D:4      | Noticed a slave
   458 | D:4      | Noticed a slave
   458 | D:4      | Noticed a slave
   468 | D:4      | Killed a slave
   473 | D:4      | Killed a slave
   511 | D:3      | Killed a slave
   557 | D:3      | You fall through a shaft!
   559 | D:4      | Reached skill level 1 in Conjurations
   559 | D:4      | Reached skill level 1 in Hexes
   559 | D:4      | Reached skill level 1 in Charms
   559 | D:4      | Reached skill level 1 in Summonings
   559 | D:4      | Reached skill level 1 in Necromancy
   559 | D:4      | Reached skill level 1 in Translocations
   559 | D:4      | Reached skill level 1 in Fire Magic
   559 | D:4      | Reached skill level 1 in Ice Magic
   559 | D:4      | Reached skill level 1 in Air Magic
   559 | D:4      | Reached skill level 1 in Earth Magic
   559 | D:4      | Reached skill level 1 in Poison Magic
   577 | D:5      | Entered Level 5 of the Dungeon
   607 | D:5      | Noticed an ogre
   615 | D:5      | Found a sand-covered staircase.
   623 | D:5      | Killed an ogre
   623 | D:5      | Reached skill level 3 in Fighting
   623 | D:5      | Reached skill level 4 in Transmutations
   623 | D:5      | Reached XP level 5. HP: 41/41 MP: 2/12
   634 | D:5      | Reached XP level 6. HP: 47/47 MP: 2/13
   646 | Ossuary  | Entered an ossuary
   650 | Ossuary  | Learned a level 1 spell: Sandblast
   719 | Ossuary  | Reached * piety under Cheibriados
   746 | Ossuary  | Reached skill level 2 in Invocations
   850 | Ossuary  | HP: 3/47 [centaur zombie (3)]
   856 | Ossuary  | Slain by a centaur zombie

Skill      XL: |  1  2  3  4  5  6 |
---------------+-------------------+-----
Spellcasting   | 5 |  5.3
Short Blades   | 1 |  1.9
Long Blades    | 1 |  1.9
Axes           | 1 |  1.9
Maces & Flails | 1 |  1.9
Polearms       | 1 |  1.9
Staves         | 1 |  1.9
Slings         | 1 |  1.9
Bows           | 1 |  1.9
Crossbows      | 1 |  1.9
Throwing       | 1 |  1.9
Armour         | 1 |  1.9
Stealth        | 1 |  1.9
Shields        | 1 |  1.9
Invocations    | 1 2 |  2.1
Evocations     | 1 |  1.9
Conjurations   | 1 |  1.5
Hexes          | 1 |  1.5
Charms         | 1 |  1.5
Summonings     | 1 |  1.5
Necromancy     | 1 |  1.5
Translocations | 1 |  1.5
Fire Magic     | 1 |  1.5
Ice Magic      | 1 |  1.5
Air Magic      | 1 |  1.5
Earth Magic    | 1 |  1.5
Poison Magic   | 1 |  1.5
Fighting       | 3 |  3.2
Transmutations | 4 |  4.1
Dodging        | |  4.9
Unarmed Combat | |  6.8

Action                   |  1- 3 |  4- 6 || total
-------------------------+-------+-------++-------
Melee: Unarmed           |    39 |   127 ||   166
       Headbutt          |     2 |       ||     2
       Kick              |     4 |       ||     4
 Cast: Beastly Appendage |     8 |     1 ||     9
       Sticks to Snakes  |     2 |     6 ||     8
       Spider Form       |     1 |    16 ||    17
Invok: Bend Time         |       |     1 ||     1
  Use: Scroll            |       |     5 ||     5
       Potion            |       |     1 ||     1
 Stab: Sleeping          |       |     2 ||     2
  Eat: Ration            |       |     1 ||     1
Armor: Robe              |     3 |       ||     3
       Leather armour    |       |     9 ||     9
       Skin              |       |     4 ||     4
Dodge: Dodged            |    23 |   119 ||   142

Table legend:
 A = Turns spent in this place as a percentage of turns spent in the entire game.
 B = Non-inter-level travel turns spent in this place as a percentage of non-inter-level travel turns spent in the entire game.
 C = Inter-level travel turns spent in this place as a percentage of turns spent in this place.
 D = Turns resting spent in this place as a percentage of non-inter-level travel turns spent in this place.
 E = Turns spent auto-exploring this place as a percentage of non-inter-level travel turns spent in this place.
 F = Non-inter-level travel turns spent in this place divided by the number of levels of this place that you've seen.
                   A       B       C       D       E      F
               +-------+-------+-------+-------+-------+----------------------
         Total | 100.0 | 100.0 |   0.0 |   0.0 |   0.0 | 142.7
       Dungeon |  75.5 |  75.5 |   0.0 |   0.0 |   0.0 | 129.2
       Ossuary |  24.5 |  24.5 |   0.0 |   0.0 |   0.0 | 210.0
               +-------+-------+-------+-------+-------+----------------------

Table legend:
 A = Kills in this place as a percentage of kills in entire the game.
 B = Kills by you in this place as a percentage of kills by you in the entire game.
 C = Kills by friends in this place as a percentage of kills by friends in the entire game.
 D = Other kills in this place as a percentage of other kills in the entire game.
 E = Experience gained in this place as a percentage of experience gained in the entire game.
 F = Experience gained in this place divided by the number of levels of this place that you have seen.
                   A       B       C       D       E      F
               +-------+-------+-------+-------+-------+----------------------
         Total | 100.0 | 100.0 | 100.0 |   N/A | 100.0 |  70.8
       Dungeon |  53.4 |  52.6 | 100.0 |   N/A |  75.5 |  64.2
       Ossuary |  46.6 |  47.4 |   0.0 |   N/A |  24.5 | 104.0
               +-------+-------+-------+-------+-------+----------------------

Vault maps used:
D:1:      lightli_arrival_chessboard
D:2:      kennysheep_nondescript, roderic_filled_cross, supply_closet_lemuel,
          trog_butcher_becter, uniq_sigmund
D:3:      grunt_temple_overflow_order_and_chaos_2, minmay_misc_feat_pillars
D:4:      grunt_temple_overflow_open, tso_metal_star, uniq_pikel, uniq_duvessa
D:5:      gup_ossuary_entry_pyramid, basic_altar, first_ration
Ossuary:  ossuary_tomb_1
